 Dungeon Crawl Stone Soup version 0.21.0-3-g78d12a8 (webtiles) character file.

198 Gaball the Poker (level 5, 0/38 HPs)
             Began as a Merfolk Skald on Jan 12, 2018.
             Slain by a sky beast (6 damage)
             ... on level 5 of the Dungeon.
             The game lasted 00:11:13 (5351 turns).

Gaball the Poker (Merfolk Skald)                    Turns: 5351, Time: 00:11:14

Health: 0/38       AC: 11    Str: 11    XL:     5   Next: 76%
Magic:  10/10      EV:  8    Int: 12    God:
Gold:   214        SH:  0    Dex: 20    Spells: 1/10 levels left

rFire    . . .     SeeInvis .   a - +0 spear
rCold    . . .     Gourm    .   (no shield)
rNeg     . . .     Faith    .   t - +0 plate armour
rPois    .         Spirit   .   (no helmet)
rElec    .         Reflect  .   (no cloak)
rCorr    .         Harm     .   s - +0 pair of gloves (curse)
MR       .....                  (no boots)
Stlth    ..........             (no amulet)
HPRegen  0.12/turn              j - +1 ring of evasion
MPRegen  0.12/turn              (no ring)

@: agile
A: change form in water, swift swim, stealthy swim
a: no special abilities


You were on level 5 of the Dungeon.
You were hungry.

You visited 1 branch of the dungeon, and saw 5 of its levels.

You collected 214 gold pieces.

Inventory:

Hand Weapons
 a - a +0 spear (weapon)
Armour
 b - a +0 leather armour
 s - a cursed +0 pair of gloves (worn)
 t - a +0 plate armour (worn)
Jewellery
 f - an uncursed ring of resist corrosion {unknown}
 j - a +1 ring of evasion (left hand)
Scrolls
 g - 3 scrolls of teleportation
 h - 3 scrolls of magic mapping
 l - 4 scrolls of enchant weapon
 m - a scroll of fear {unknown}
 q - a scroll of remove curse {unknown}
 r - a scroll of fog {unknown}
 u - 2 scrolls of identify
 v - a scroll of blinking {unknown}
 x - a scroll of amnesia {unknown}
Potions
 e - 2 potions of agility
 i - a potion of mutation {unknown}
 k - a potion of curing
 n - a potion of resistance {unknown}
 o - a potion of berserk rage {unknown}
 p - 2 potions of brilliance {unknown}
 w - a potion of might {unknown}
 z - a potion of flight {unknown}
Books
 c - a book of Battle

   Spells                             Type                      Level
   a - Infusion                       Charms                       1
   b - Shroud of Golubria             Charms/Translocation         2
   c - Song of Slaying                Charms                       2
   d - Spectral Weapon                Hexes/Charms                 3
   e - Regeneration                   Charms/Necromancy            3
Comestibles
 d - 9 rations
 A - a chunk of flesh


   Skills:
 - Level 2.1 Fighting
 * Level 5.4 Polearms
 - Level 0.6 Armour
 - Level 2.6 Dodging
 + Level 3.3 Spellcasting
 + Level 0.7 Hexes
 + Level 4.6 Charms


You had one spell level left.
You knew the following spells:

 Your Spells              Type           Power        Failure   Level  Hunger
a - Infusion              Chrm           ##..         100%        1    #......
b - Regeneration          Chrm/Necr      #.........   100%        3    ###....
c - Shroud of Golubria    Chrm/Tloc      #.........   100%        2    ##.....
d - Spectral Weapon       Hex/Chrm       #.......     100%        3    ###....


Dungeon Overview and Level Annotations

Branches:
Dungeon (5/15)
 Temple: D:4-7

Altars:
Cheibriados
Dithmenos
Trog

Annotations:
D:3 kegs's ghost, amateur HOFi


Message History

The sky beast is severely wounded.
The sky beast barely misses you.
You hit the sky beast.
The sky beast is severely wounded.
You hit the sky beast.
The sky beast is severely wounded.
The sky beast completely misses you.
You hit the sky beast.
The sky beast is almost dead.
The sky beast hits you but does no damage.
You barely miss the sky beast.
The sky beast is almost dead.
The sky beast hits you. The sky beast shocks you.
* * * LOW HITPOINT WARNING * * *
You closely miss the sky beast.
The sky beast is almost dead.
The sky beast hits you.
* * * LOW HITPOINT WARNING * * *
The sky beast shocks you.
You die...

.............###
.#.....<........
.............##
..#..........#
#.#..........#
.............#
#.#....?.....#
#...####.#####
###. #@# # #Y#
#.# ?.# ... ....
.... ......


You could see a sky beast.

Vanquished Creatures
  A hound (D:4)
  A jelly (D:2)
  A gnoll (D:1)
  5 adders
  An ooze (D:2)
  3 adder skeletons (D:4)
  A worm (D:2)
  3 dart slugs
  A leopard gecko (D:4)
  3 orcs
  3 bats
  5 giant cockroaches
  6 goblins
  6 hobgoblins
  2 quokkas
  3 frilled lizards
  9 kobolds
  A leopard gecko skeleton (D:2)
  5 rats
60 creatures vanquished.

Notes
Turn   | Place    | Note
-------+----------+-------------------------------------------
     0 | D:1      | Gaball the Merfolk Skald began the quest for the Orb.
     0 | D:1      | Reached XP level 1. HP: 16/16 MP: 3/3
   443 | D:1      | Reached XP level 2. HP: 12/22 MP: 5/5
   727 | D:1      | Reached XP level 3. HP: 12/27 MP: 6/6
  1441 | D:2      | Reached skill level 4 in Polearms
  1729 | D:2      | Reached XP level 4. HP: 7/33 MP: 4/8
  2476 | D:3      | Found a shadowy altar of Dithmenos.
  2596 | D:3      | Noticed kegs's ghost (amateur HOFi)
  2853 | D:3      | Found a snail-covered altar of Cheibriados.
  2878 | D:3      | Reached XP level 5. HP: 37/38 MP: 9/9
  3036 | D:3      | Found a bloodstained altar of Trog.
  4131 | D:4      | Learned a level 3 spell: Regeneration
  4134 | D:4      | Learned a level 2 spell: Shroud of Golubria
  4138 | D:4      | Learned a level 3 spell: Spectral Weapon
  4162 | D:4      | Reached skill level 5 in Polearms
  4773 | D:4      | Noticed an ogre
  5268 | D:5      | Entered Level 5 of the Dungeon
  5270 | D:5      | Noticed a centaur
  5323 | D:5      | Noticed a sky beast
  5351 | D:5      | Slain by a sky beast

Skill      XL: |  1  2  3  4  5 |
---------------+----------------+-----
Polearms       | 4 5 |  5.4
Charms         | 4 |  4.6
Spellcasting   | 3 |  3.3
Fighting       | |  2.1
Armour         | |  0.6
Dodging        | |  2.6
Hexes          | |  0.7

Action                   |  1- 3 |  4- 6 || total
-------------------------+-------+-------++-------
Melee: Spear             |   156 |   180 ||   336
Throw: Throwing net      |     1 |       ||     1
 Cast: Infusion          |     1 |     1 ||     2
  Use: Scroll            |     5 |       ||     5
       Potion            |       |     1 ||     1
 Stab: Sleeping          |     1 |     1 ||     2
  Eat: Chunk             |     3 |     7 ||    10
       Ration            |       |     1 ||     1
Armor: Leather armour    |    20 |    14 ||    34
       Plate armour      |       |    46 ||    46
Dodge: Dodged            |    70 |    51 ||   121
